 Dungeon Crawl Stone Soup version bcrawl-1.37.2 (webtiles) character file.

Game seed: 5579400110375103182

194907 Mehrunes the Chopper (level 6, -1/35 HPs)
             Began as a Skeleton Skald on Oct 28, 2022.
             Slain by an orc priest
             ... wielding a +0 hand axe
              (4 damage)
             ... on level 3 of the Dungeon.
             The game lasted 00:05:27 (2507 turns).

Mehrunes the Chopper (Skeleton Skald)               Turns: 2507, Time: 00:05:28

Health: -1/35      AC:  3    Str: 17 (18) XL:     6   Next: 9%
Magic:  0/10       EV: 12    Int: 12 (13) God:
Gold:   103        SH:  0    Dex:  8      Spells: 3/11 levels left

rFire    . . .     GDR:     21% a - +0 war axe
rCold    + . .     SeeInvis .   (no shield)
rNeg     + + +     Gourm    .   b - +0 leather armour
rPois    ∞         Faith    .   (no helmet)
rElec    .         Spirit   +   (no cloak)
rCorr    .         Reflect  .   (no gloves)
MR       .....                  (no boots)
Stlth    +.........             d - amulet of magic regeneration
HPRegen  0.15/turn              (no ring)
MPRegen  0.26/turn              (no ring)

@: no status effects
A: no food or potions, cold resistance 1, deterioration 1, negative energy
resistance 3, powered by death 1, torment resistance, unbreathing, magic shield,
sturdy frame 1, spell healing
a: no special abilities


You were on level 3 of the Dungeon.
You were not hungry.

You visited 1 branch of the dungeon, and saw 3 of its levels.

You collected 103 gold pieces.

Inventory:

Hand Weapons
 a - a +0 war axe (weapon)
 g - a +0 antimagic hand axe
Armour
 b - a +0 leather armour (worn)
Jewellery
 d - an amulet of magic regeneration (around neck)
 l - an uncursed amulet of guardian spirit {unknown}
Scrolls
 c - a scroll of amnesia
 f - 2 scrolls of enchant weapon
 h - a scroll of magic mapping {unknown}
 i - 5 scrolls of identify
 j - a scroll of teleportation
 k - a scroll of remove curse {unknown}


   Skills:
 - Level 2.0 Fighting
 + Level 5.4 Axes
 - Level 1.1 Armour
 - Level 2.0 Dodging
 - Level 3.0 Spellcasting
 + Level 3.1 Hexes
 - Level 5.0 Charms


You had 3 spell levels left.
You knew the following spells:

 Your Spells              Type           Power        Failure   Level  Hunger
a - Infusion              Chrm           ##......     3%          1    N/A
b - Spectral Weapon       Hex/Chrm       ##......     14%         3    N/A
c - Song of Slaying       Chrm           ##......     4%          2    N/A
d - Swiftness             Chrm/Air       #.......     14%         2    N/A

Your spell library contained the following spells:

 Spells                   Type           Power        Failure   Level  Hunger
 Ozocubu's Armour         Chrm/Ice       #.......     26%         3    N/A
 Regeneration             Chrm/Necr      Unusable     N/A         3    N/A

Dungeon Overview and Level Annotations

Branches:
Dungeon (3/12)

Altars:

Annotations:
D:3 Jessica, Robin


Innate Abilities, Weirdness & Mutations

You do not eat or drink.
You are immune to poison.
Your flesh is cold resistant. (rC+)
Your body sometimes deteriorates upon taking damage.
You are immune to negative energy. (rN+++)
You regenerate a little health from kills.
You are immune to unholy pain and torment.
You can survive without breathing.
When hurt, damage is shared between your health and your magic reserves.
Your movements are slightly less encumbered by armour. (ER -2)
Casting spells heals you.


Message History

You hit the orc.
The orc is almost dead.
The orc hits you but does no damage.
You hit the orc.
You kill the orc!
The orc priest mumbles some strange prayers to Beogh against you.
Beogh smites you!
* * * LOW HITPOINT WARNING * * *
Items here: ! )) [[ ††† You barely miss the orc priest.
The orc priest invokes the aid of Beogh against you.
Beogh smites you!
* * * LOW HITPOINT WARNING * * *
You hit the orc priest.
The orc priest is moderately wounded.
The orc priest hits you but does no damage.
You hit the orc priest.
The orc priest is almost dead.
The orc priest hits you with a +0 hand axe.
You die...

#.......g
##.##
#.......K
####....
#o.......
###.......
#........
#.#.##....
#>.......
###.#.##....
#........
#.....##....
######.##
#.##.###....
#.o# #.##)#
#.... #@#
#.##.# #....
#.# ##.##.#
##### #)#
#.....# #
##)####<.####
#...##$.##
#...([..#
#......##
#....#.#
##...#.#


You could see an orc priest.

Vanquished Creatures
  A phantom (D:2)
  An orc priest (D:3)
  A howler monkey skeleton (D:3)
  2 adders
  An ooze (D:2)
  5 worms
  5 dart slugs
  4 leopard geckos
  8 orcs (D:3)
  A ball python (D:2)
  9 bats
  4 giant cockroaches
  16 goblins
  10 hobgoblins
  4 jackals (D:2)
  3 quokkas
  5 frilled lizards
  9 kobolds
  7 rats
96 creatures vanquished.

Notes
Turn   | Place    | Note
-------+----------+-------------------------------------------
     0 | D:1      | Mehrunes the Skeleton Skald began the quest for the Orb.
     0 | D:1      | Reached XP level 1. HP: 12/12 MP: 4/4
   109 | D:1      | Reached XP level 2. HP: 16/17 MP: 1/6
   504 | D:1      | Reached XP level 3. HP: 21/21 MP: 4/7
  1295 | D:2      | Reached XP level 4. HP: 26/26 MP: 6/8
  1302 | D:2      | Learned a level 3 spell: Spectral Weapon
  1305 | D:2      | Learned a level 2 spell: Song of Slaying
  1308 | D:2      | Learned a level 2 spell: Swiftness
  1494 | D:2      | Reached skill level 1 in Hexes
  1819 | D:2      | Noticed a phantom
  1827 | D:2      | Killed a phantom
  1828 | D:2      | Reached skill level 5 in Charms
  1828 | D:2      | Reached XP level 5. HP: 22/30 MP: 4/9
  2020 | D:3      | Noticed Robin
  2233 | D:3      | Reached skill level 5 in Axes
  2343 | D:3      | Noticed Jessica
  2376 | D:3      | HP: 1/30 [jackal (1)]
  2500 | D:3      | Gained mutation: You regenerate a little health from kills.
                  | [Skeleton growth]
  2500 | D:3      | Reached XP level 6. HP: 18/35 MP: 3/10
  2507 | D:3      | Slain by an orc priest

Skill      XL: |  1  2  3  4  5 |
---------------+----------------+-----
Axes           | 3 4 5 |  5.4
Charms         | 4 5 |  5.0
Hexes          | 2 3 |  3.1
Fighting       | |  2.0
Armour         | |  1.1
Dodging        | |  2.0
Spellcasting   | |  3.0

Action                   |  1- 3 |  4- 6 || total
-------------------------+-------+-------++-------
Melee: War axe           |   109 |   127 ||   236
 Cast: Infusion          |    28 |    17 ||    45
       Spectral Weapon   |       |     1 ||     1
  Use: Scroll            |     2 |     2 ||     4
Armor: Leather armour    |    27 |    37 ||    64
Dodge: Dodged            |    68 |    94 ||   162
